 Seeded DCSS version 0.29-a0-923-g6e406bff71 (webtiles) character file.

Game seed: 20220728 (custom seed)

34 purpskrrrp the Sneak (level 3, 0/17 HPs)
             Began as a Vine Stalker Enchanter on July 28, 2022.
             Slain by a gnoll
             ... wielding a +0 club
              (5 damage)
             ... on level 2 of the Dungeon.
             The game lasted 00:02:57 (1879 turns).

purpskrrrp the Sneak (Vine Stalker Enchanter)       Turns: 1879, Time: 00:02:58

Health: 0/17       AC:  2    Str: 10    XL:     3   Next: 31%
Magic:  0/7        EV: 12    Int: 15    God:
Gold:   83         SH:  0    Dex: 16    Spells: 6/6 levels left

rFire   . . .      SeeInvis .   a - +1 dagger
rCold   . . .      Faith    .   (no shield)
rNeg    . . .      Spirit   +   b - +0 robe
rPois   .          Reflect  .   (no helmet)
rElec   .          Harm     .   (no cloak)
rCorr   .          Rampage  .   (no gloves)
Will    .....                   (no boots)
Stlth   +++.......              (no amulet)
HPRegen 0.05/turn               (no ring)
MPRegen 0.10/turn               (no ring)

@: invisible
A: fangs 2, magic shield, antimagic bite, no potion heal 2
a: no special abilities


You were on level 2 of the Dungeon.
You visited 1 branch of the dungeon, and saw 2 of its levels.

You collected 83 gold pieces.

Inventory:

Hand Weapons
 a - a +1 dagger (weapon)
Missiles
 h - 4 poisoned darts (quivered)
 i - 4 boomerangs
Armour
 b - a +0 robe (worn)
Wands
 k - a wand of digging (4)
Scrolls
 d - a scroll of immolation {unknown}
 e - a scroll of brand weapon {unknown}
 g - a scroll of fog {unknown}
 j - 2 scrolls of identify {unknown}
 l - a scroll of blinking {unknown}
 m - a scroll of amnesia {unknown}
Potions
 c - 2 potions of invisibility
 f - 3 potions of heal wounds {unknown}


   Skills:
 + Level 0.6 Fighting
 * Level 1.7 Short Blades
 + Level 1.6 Dodging
 + Level 4.5 Stealth
 - Level 2.1 Spellcasting
 - Level 3.0 Hexes


You had 6 spell levels left.
You didn't know any spells.
Your spell library contained the following spells:

 Spells                   Type           Power      Damage    Failure   Level
 Ensorcelled Hibernation  Hex/Ice        12%        N/A       19%         2
 Confusing Touch          Hex            10%        N/A       19%         3
 Tukima's Dance           Hex            10%        N/A       19%         3
 Dazzling Flash           Conj/Hex       12%        N/A       34%         3


Dungeon Overview and Level Annotations

Branches:
Dungeon (2/15)

Altars:


Innate Abilities, Weirdness & Mutations

You have extremely sharp teeth.
When hurt, damage is shared between your health and your magic reserves.
Your bite disrupts and absorbs the magic of your enemies.
Potions cannot restore your health.


Message History

You kill the endoplasm!
No target in view!
No target in view!
m - a scroll labelled LARAKUPR ADOOV;
f - 3 fuming brown potions (gained 2)
Found 6 stones.
Found 2 stones.
You see here 2 stones.
You open the door.
Found an escape hatch in the ceiling.
There is an open door here.
There is an escape hatch in the ceiling here.
j - 2 scrolls labelled BILYNTU NIRU (gained 1)
You open the door.
There is an open door here.
A gnoll comes into view. It is wielding a +0 spear.
A gnoll comes into view.
It is wielding a +0 flail of protection.
A gnoll comes into view. It is wielding a +0 club.
The gnoll shouts!
Found a scroll labelled IVOYLU FO IMU.
A gnoll opens the door.
The gnoll barely misses you.
You closely miss the gnoll. The gnoll hits you with a +0 club.
You closely miss the gnoll. The gnoll barely misses you.
The gnoll shouts! x2
You hit the gnoll. You bite the gnoll, but do no damage.
The gnoll is lightly wounded.
The gnoll barely misses you.
The gnoll hits you from afar with a +0 spear!
You hit the gnoll. You bite the gnoll, but do no damage.
The gnoll is moderately wounded.
The gnoll hits you with a +0 club.
The gnoll hits you from afar with a +0 spear.
* * * LOW HITPOINT WARNING * * *
The gnoll attacks as you move away! The gnoll hits you with a +0 club.
* * * LOW HITPOINT WARNING * * *
The gnoll attacks as you move away! The gnoll closely misses you.
The gnoll attacks as you move away! The gnoll misses you.
The gnoll attacks as you move away! The gnoll closely misses you.
You fade into invisibility!
The gnoll hits you with a +0 club!
You die...

#.......#..........#
#.......#..........#
#.......#..........#
##'######.....g....#
#.# #.....g....# #.#
#..........# #.#
#..........#
#.###########.#####
#..........@g.#
###############


You could see a gnoll (unable to see you).

Vanquished Creatures
  An adder (D:2)
  3 bats
  4 endoplasms
  2 giant cockroaches
  3 goblins
  3 hobgoblins
  A kobold (D:2)
  A quokka (D:1)
  2 ball pythons (D:1)
  2 rats
22 creatures vanquished.

Notes
Turn   | Place    | Note
-------+----------+-------------------------------------------
     0 | D:1      | purpskrrrp the Vine Stalker Enchanter began the quest for
                  | the Orb.
     0 | D:1      | Reached XP level 1. HP: 9/9 MP: 4/4
   284 | D:1      | Reached skill level 1 in Short Blades
   289 | D:1      | Reached skill level 4 in Stealth
   323 | D:1      | Reached XP level 2. HP: 12/13 MP: 4/6
   420 | D:1      | Found a faded altar of an unknown god.
  1523 | D:2      | Reached XP level 3. HP: 11/17 MP: 5/7
  1879 | D:2      | Slain by a gnoll

Illustrated notes

Levels and vault maps discovered:
D:1:      dpeg_arrival_erosion, layout_basic, ebering_ecumenical_altar_abandoned
D:2:      layout_basic

Skill      XL: |  1 |
---------------+----+-----
Short Blades   | 1 |  1.7
Stealth        | 4 |  4.5
Fighting       | |  0.6
Dodging        | |  1.6
Spellcasting   | |  2.1
Hexes          | |  3.0

Action                   || total
-------------------------++-------
Melee: Dagger            ||    65
       Bite              ||     9
  Use: Potion            ||     1
 Stab: Sleeping          ||     9
Armor: Robe              ||     8
Dodge: Dodged            ||    31

Table legend: (Time is in decaauts)
 A = Elapsed time spent in this place.
 B = Non-inter-level travel time spent in this place.
 C = Inter-level travel time spent in this place.
 D = Time resting spent in this place.
 E = Time spent auto-exploring this place.
 F = Levels seen in this place.
 G = Mean time per level.
                   A        B        C        D        E       F      G
               +--------+--------+--------+--------+--------+-----+--------+
         Total |   1875 |   1800 |     75 |    194 |   1414 |   2 |  937.5 |
       Dungeon |   1875 |   1800 |     75 |    194 |   1414 |   2 |  937.5 |
               +--------+--------+--------+--------+--------+-----+--------+

Top non-repeatable levels by time:
     D:1: 1266 daAuts
     D:2: 608 daAuts
